Map: Kairos Junction LE

Players

Odin

  • Race: Protoss Protoss
  • League: Gold
  • Spawn Location: 5:00

keyser - Winner!

  • Race: Terran Terran
  • League: Gold
  • Spawn Location: 11:00

VOD

Have the link to the VOD?

Description

Time

  • Played on: Dec. 11, 2018, 10:44 p.m.
  • Length: 1:59
Show
View Real Time Build Order
Export as new Build Order

Odin Protoss 

Build Orders:  

Get SALT Encoding   

  12  0:03  Probe  
  13  0:14  Pylon  
  13  0:15  Probe  
  14  0:32  Forge  
  14  0:55  Assimilator  
  14  0:59  Pylon  
  13  1:22  Gateway  
  13  1:25  Pylon  
  13  1:27  Pylon  
  13  1:28  Pylon  
  13  1:31  Pylon  
  13  1:44  Photon Cannon  
Show
View Real Time Build Order
Export as new Build Order

keyser Terran - Winner!

Build Orders:  

Get SALT Encoding   

  12  0:00  SCV  
  13  0:16  Supply Depot  
  13  0:17  SCV  
  14  0:29  SCV  
  15  0:38  Barracks  
  16  0:42  SCV  
  16  0:46  Refinery  
  16  0:57  SCV  
  17  1:09  SCV  
  18  1:41  Bunker  
  19  1:56  Supply Depot  
Tags
 
Add a new tag
Caveats
  • Supply blocks, unpowered buildings, or Contaminate may cause inaccurate times.
  • Supply counts are checked every 10 seconds.